cohdb
Replays
Latest Replays
All Replays
Popular Replays
Top Player Replays
Match Explorer
How It Works
Community
CoH3 Stats
Reddit
Sign in to upload your games and track your stats! →
Sign in with Steam
Match 35300208
Unlisted
Match 35300208
Overview
Messages
Build Orders
End
Construct Barracks
Selects Armored Battlegroup
Selects Veteran Crews
1⁄4-ton 4x4 Truck
Riflemen Squad
Riflemen Squad
Selects Fast Deploy
Riflemen Squad
Construct Medical Station
Grenade Package
M1 Mortar Team
Infantry Support Center
Selects M8 Scott SPG
M8 Scott SPG
Engineer Squad
Construct Weapon Support Center
Bazooka Squad
Selects UNKNOWN (2160077)
Selects M31 Recovery Vehicle
Bazooka Squad
Selects War Machine
Construct Tank Depot
M4(105) Sherman Bulldozer
Engineer Squad
Riflemen Squad
M1918 Browning Automatic Rifles
M4A3E8 Sherman Easy Eight
M4A3E8 Sherman Easy Eight
M4A3E8 Sherman Easy Eight
Friend Simulator
Shimmy Slide
Enfury
71chy
0
0
Comments
sign in to comment!
No comments posted yet!